 Dungeon Crawl Stone Soup version 0.24.0-37-gcf1ca852f1 (webtiles) character file.

Game seed: 17321260660219611860, levelgen mode: deterministic

325776 grindst0ne the Imperceptible (level 20, -9/96 HPs)
             Began as a Spriggan Assassin on Nov 29, 2019.
             Was the Champion of Ru.
             Mangled by a vault warden
             ... wielding a +0 war axe
              (34 damage)
             ... on level 3 of the Vaults.
             The game lasted 04:13:25 (77523 turns).

grindst0ne the Imperceptible (Spriggan Assassin)   Turns: 77523, Time: 04:13:26

Health: -9/96      AC:  5    Str:  6    XL:     20   Next: 74%
Magic:  27/34      EV: 39    Int: 23    God:    Ru [******]
Gold:   636        SH:  5    Dex: 25    Spells: 17/37 levels left

rFire    + . .     SeeInvis +   R - +9 rapier "Mol Viurru" {venom, rN+ Str+2 Int+3}
rCold    + + .     Gourm    .   (shield unavailable)
rNeg     + . .     Faith    .   C - +2 robe of the Disturbing People {rElec rC++ MR- Dex+3}
rPois    .         Spirit   .   s - +0 hat of Grot {+Blink Str-3 Int+3}
rElec    +         Reflect  +   c - +0 cloak
rCorr    .         Harm     .   (gloves unavailable)
MR       ++...                  (boots unavailable)
Stlth    ++++++++..             d - +5 amulet of reflection
HPRegen  0.26/turn              (ring unavailable)
MPRegen  0.24/turn              x - ring of protection from fire

@: exhausted, heavily drained, very quick
A: very small, unfitting armour, see invisible, herbivore, speed 3, frail 1,
slow metabolism 2, missing a hand, inexperienced 1
}: 2/15 runes: decaying, serpentine
a: Draw Out Power, Power Leap, Apocalypse, Renounce Religion, Evoke Blink


You were on level 3 of the Vaults.
You worshipped Ru.
Ru was exalted by your worship.
You were hungry.

You visited 7 branches of the dungeon, and saw 36 of its levels.
You also visited: Sewer, Ice Cave, Volcano and Desolation.

You collected 3682 gold pieces.
You spent 3046 gold pieces at shops.

Inventory:

Hand Weapons
 R - the +9 rapier "Mol Viurru" (weapon) {venom, rN+ Str+2 Int+3}
   (You took it off an orc wizard on level 9 of the Dungeon)

   It poisons the flesh of those it strikes.
   It affects your strength (+2).
   It affects your intelligence (+3).
   It protects you from negative energy.
Missiles
 D - 3 curare-tipped darts (quivered)
 Y - 3 atropa-tipped darts
Armour
 c - a +0 cloak (worn)
 l - +0 ice dragon scales
 o - a +1 robe of cold resistance
 s - the +0 hat of Grot (worn) {+Blink Str-3 Int+3}
   (You acquired it on level 2 of the Swamp)

   It affects your strength (-3).
   It affects your intelligence (+3).
   It lets you blink.
 C - the +2 robe of the Disturbing People (worn) {rElec rC++ MR- Dex+3}
   (You found it on level 7 of the Dungeon)

   It affects your dexterity (+3).
   It greatly protects you from cold.
   It insulates you from electricity.
   It affects your resistance to hostile enchantments.
Jewellery
 d - a +5 amulet of reflection (around neck)
 g - a +6 ring of strength
 h - the ring of Lugosh {rElec rC- rN+++ Int+2 Stlth+}
   (You found it in the Desolation of Salt)

   [ring of stealth]

   It affects your intelligence (+2).
   It makes you vulnerable to cold.
   It insulates you from electricity.
   It renders you almost immune to negative energy.
   It makes you more stealthy.
 u - the ring of Greed {MP+9 EV-3 Dex+3}
   (You bought it in a shop on level 4 of the Dungeon)

   [ring of evasion]

   It affects your evasion (-3).
   It affects your dexterity (+3).
   It affects your magic capacity (+9).
 x - a ring of protection from fire (right hand)
 y - an uncursed amulet of guardian spirit
 M - the ring of the Scavenger {rF+ rC- rN+ Str+3 Int+2}
   (You found it in an ice cave)

   [ring of positive energy]

   It affects your strength (+3).
   It affects your intelligence (+2).
   It protects you from fire.
   It makes you vulnerable to cold.
   It protects you from negative energy.
 Q - the ring "Plog" {rCorr Int+3 Dex+3}
   (You found it in the Desolation of Salt)

   [ring of resist corrosion]

   It affects your intelligence (+3).
   It affects your dexterity (+3).
   It provides partial protection from all sources of acid and corrosion.
 V - the ring "Xiaqocsy" {*Contam rElec rN+ rCorr Str+3 SInv}
   (You found it on level 2 of the Vaults)

   [ring of resist corrosion]

   It affects your strength (+3).
   It insulates you from electricity.
   It protects you from negative energy.
   It lets you see invisible.
   It causes magical contamination when unequipped.
   It provides partial protection from all sources of acid and corrosion.
 X - an uncursed ring of poison resistance
 Z - an uncursed amulet of magic regeneration
Wands
 z - a wand of polymorph (51)
 L - a wand of enslavement (3)
 U - a wand of digging (7)
Scrolls
 a - 15 scrolls of teleportation
 e - 3 scrolls of blinking
 i - 4 scrolls of amnesia
 j - a scroll of summoning
 m - 19 scrolls of remove curse
 n - 3 scrolls of immolation
 q - 6 scrolls of fog
 t - 9 scrolls of enchant weapon
 B - a scroll of brand weapon
 G - 3 scrolls of identify
 J - 3 scrolls of fear
 S - a scroll of magic mapping
 T - 6 scrolls of enchant armour
Potions
 b - 5 potions of magic
 k - 4 potions of might
 p - 7 potions of haste
 r - 8 potions of mutation
 v - 2 potions of invisibility
 w - 4 potions of brilliance
 A - 4 potions of flight
 F - 4 potions of ambrosia
 H - 5 potions of resistance
 K - 5 potions of lignification
 O - 3 potions of agility
 P - 5 potions of berserk rage
 W - a potion of curing
Miscellaneous
 E - a phantom mirror
 I - a lamp of fire (inert)
Comestibles
 f - 43 rations


   Skills:
 - Level 12.4(9.9) Fighting
 - Level 12.5(10.0) Short Blades
 - Level 2.0(0.0) Throwing
 - Level 23.2(20.0) Dodging
 - Level 24.0(20.7) Stealth
 + Level 9.1(6.7) Spellcasting
 - Level 8.0(5.7) Summonings
 - Level 5.1(3.0) Necromancy
 * Level 18.4(15.4) Translocations
 - Level 8.0(5.7) Air Magic
 - Level 14.4(11.7) Evocations


You had 17 spell levels left.
You knew the following spells:

 Your Spells              Type           Power        Failure   Level  Hunger
a - Infestation           Necr           ###.......   100%        8    #######
b - Summon Butterflies    Summ           ####....     1%          1    None
c - Malign Gateway        Summ/Tloc      ######....   65%         7    #######
d - Summon Lightning Spi  Summ/Air       ####....     8%          4    ###....

Your spell library contained the following spells:

 Spells                   Type           Power        Failure   Level  Hunger
 Apportation              Tloc           ######       0%          1    None
 Summon Small Mammal      Summ           ####         1%          1    None
 Call Imp                 Summ           ####....     1%          2    None
 Shroud of Golubria       Chrm/Tloc      #####.       1%          2    None
 Recall                   Summ/Tloc      N/A          1%          3    None
 Dispersal                Tloc           ######....   1%          6    ######.
 Animate Skeleton         Necr           N/A          2%          1    None
 Call Canine Familiar     Summ           ####....     2%          3    None
 Poisonous Vapours        Pois/Air       ###...       3%          2    None
 Beastly Appendage        Tmut           #.....       8%          1    None
 Confusing Touch          Hex            #.....       8%          1    None
 Corona                   Hex            #......      8%          1    None
 Sting                    Conj/Pois      #...         8%          1    None
 Summon Guardian Golem    Hex/Summ       ###.....     8%          3    None
 Mephitic Cloud           Conj/Pois/Air  ###.....     11%         3    None
 Passwall                 Tmut/Erth      #.......     12%         2    None
 Sticks to Snakes         Tmut           #.......     12%         2    None
 Ignite Poison            Fire/Tmut/Pois #.......     24%         3    None
 Inner Flame              Hex/Fire       #.......     24%         3    None
 Spider Form              Tmut/Pois      #.........   24%         3    None
 Summon Ice Beast         Ice/Summ       ###.....     24%         4    ###....
 Agony                    Necr           ###.....     52%         5    #####..
 Silence                  Hex/Air        ###.......   56%         5    #####..
 Ice Form                 Ice/Tmut       #.......     61%         4    ###....
 Olgreb's Toxic Radiance  Pois           #.......     61%         4    ###....
 Petrify                  Tmut/Erth      #.......     61%         4    ###....
 Blade Hands              Tmut           #.........   91%         5    #####..
 Fireball                 Conj/Fire      #.........   91%         5    #####..
 Venom Bolt               Conj/Pois      #.........   91%         5    #####..
 Conjure Ball Lightning   Conj/Air       ###.......   98%         6    ######.
 Deflect Missiles         Chrm/Air       ###.......   98%         6    ######.
 Summon Hydra             Summ           ####......   99%         7    #######
 Bolt of Fire             Conj/Fire      #.........   100%        6    ######.
 Simulacrum               Ice/Necr       ##........   100%        6    ######.
 Haunt                    Necr/Summ      ####......   100%        7    #######
 Ring of Flames           Chrm/Fire      #.........   100%        7    #######
 Spellforged Servitor     Conj/Summ      ###.......   100%        7    #######
 Borgnjor's Revivificati  Necr           ###.......   100%        8    #######
 Death's Door             Chrm/Necr      ##........   100%        8    #######
 Ignition                 Fire           #.........   100%        8    #######
 Necromutation            Tmut/Necr      ##........   100%        8    #######
 Tornado                  Air            ####......   100%        9    #######


Dungeon Overview and Level Annotations

Branches:
Dungeon (15/15)            Temple (0/1) D:4            Lair (6/6) D:10
  Swamp (4/4) Lair:2        Snake (4/4) Lair:3        Slime (0/5) Lair:5
    Orc (2/2) D:10            Elf (2/3) Orc:2        Vaults (3/5) D:13
  Crypt (0/3) Vaults:2     Depths (0/5) D:15          Sewer (visited)
  IceCv (visited)         Volcano (visited)         Desolation (visited)

Altars:
Ashenzari
Cheibriados
Fedhas
Gozag
Kikubaaqudgha
Okawaru
Ru
Trog
Uskayaw
Vehumet
Wu Jian
Xom
Yredelemnul
Zin
Beogh
Jiyva

Shops:
D:4 *!?(   D:6 }   D:11 (==[(   Orc:2 !*[}   Snake:2 :   Vaults:1 *
Vaults:2 *

Annotations:
D:1 exclusion: downstairs
D:7 2 transporters, Peppero's ghost, novice MiFi
D:9 exclusion: 2 downstairs
D:11 exclusion: oklob plant
Lair:2 exclusion: downstairs
Lair:5 1 runed translucent door
Snake:2 exclusion: 2 downstairs
Snake:3 exclusion: downstairs
Elf:2 3 runed translucent doors
Vaults:1 exclusion: downstairs


Innate Abilities, Weirdness & Mutations

You are very small and have problems with some larger weapons.
You are too small for most types of armour.
You have supernaturally acute eyesight. (SInv)
You are a herbivore.
You cover ground extremely quickly.
You are frail. (-10% HP)
You need to consume almost no food.
You are missing a hand.
You are somewhat inexperienced. (-2 XL)


Message History

The vault warden is severely wounded.
The vault warden closely misses you.
You hit the vault warden but do no damage.
The vault warden looks as sick as possible!
The vault warden is severely wounded.
You puncture the vault warden!
The vault warden looks as sick as possible!
The vault warden is almost dead.
The vault warden closely misses you.
You hit the vault warden but do no damage.
The vault warden looks as sick as possible!
The vault warden is almost dead.
The vault warden barely misses you.
You hit the vault warden but do no damage.
The vault warden looks as sick as possible!
The vault warden is almost dead.
You closely miss the vault warden.
The vault warden is almost dead.
The vault warden hits you with a +0 war axe!!
You die...

*,,,,,,****,,,,,,,,*
*,****,*,,*,,,,,,,,*
#.*,,*,*,,*,,,,,,,,*
#.*,,*,+,,*,,,,,,,,*
#.*,,*.#,,######+###
#.#+##§#,,#........#
#...§§.####........#
#)p)§.....#........#
#..@)######........#
###+##....#........#
#....#....#........#
#....#....+........#
#....'....#........#
#....#....#........#
#...)#....#........'
######....#........#
#.##...########


You could see a vault warden (blind).

Vanquished Creatures
  Saint Roka (Snake:4)
  A bone dragon (Swamp:4)
  An Ice Fiend (IceCv)
  A lich (Vaults:2)
  2 sphinxes
  2 thorn hunters (Swamp:4)
  Donald (Swamp:3)
  A storm dragon (Vaults:2)
  8 nagarajas
  A tengu reaver (Vaults:3)
  2 imperial myrmidons (Desolation)
  Louise (Swamp:1)
  6 vault wardens
  An orc warlord (Orc:1)
  A fire giant (Vaults:2)
  A frost giant (Vaults:2)
  The ghost of Mukku the Spry, an adept SpFE of Sif Muna (Swamp:4)
  4 ironheart preservers
  2 entropy weavers
  6 stone giants
  A deep elf demonologist (Elf:1)
  6 dire elephants (Lair:6)
  2 halazid warlocks (Desolation)
  An ettin (Vaults:3)
  Snorg (Orc:2)
  A crystal guardian (Desolation)
  A deep elf death mage (Vaults:2)
  13 naga warriors
  8 ogre magi
  5 ragged hierophants (Desolation)
  A fire dragon (Vaults:2)
  9 yaktaur captains
  The ghost of coffeespoons the Cleaver, a journeyman DDFi of Makhleb (D:11)
  3 great orbs of eyes
  3 rakshasas
  13 hydras
  8 vault guards
  Fannar (Lair:2)
  Harold (D:7)
  3 ice dragons
  6 servants of whispers (Desolation)
  A catoblepas (D:14)
  3 peacekeepers (Desolation)
  Erica (D:8)
  2 ghost crabs
  15 anacondas
  A queen ant (Lair:6)
  A death knight (Vaults:2)
  18 two-headed ogres
  9 centaur warriors
  2 death yaks (Lair:5)
  12 alligators
  9 dancing weapons
  14 naga sharpshooters
  6 orc high priests
  Sonja (D:10)
  3 shock serpents (Snake:1)
  A shadow wraith (Vaults:1)
  8 deep elf knights
  7 skeletal warriors
  A hell knight (Volcano)
  A salamander mystic (Snake:2)
  A death drake (Swamp:4)
  6 wizards
  2 spriggan druids
  4 swamp dragons
  A flayed ghost (Vaults:3)
  A tengu zombie (Vaults:3)
  5 unseen horrors
  An obsidian statue (Volcano)
  4 naga ritualists
  Pikel (D:8)
  9 deep elf archers
  A spectral hydra (Swamp:4)
  18 ironbrand convokers
  3 phantasmal warriors
  A harpy (shapeshifter) (D:15)
  8 mana vipers
  9 orc knights
  5 necromancers
  4 oklob plants (Lair:2)
  38 deep elf magi
  8 ugly things
  A mana viper (shapeshifter) (Vaults:2)
  8 cyclopes
  3 orc sorcerers
  9 salamanders
  16 guardian serpents
  17 elephants
  3 centaur zombies
  21 black mambas
  17 naga magi
  A gargoyle (D:14)
  An ice statue (IceCv)
  2 human zombies (Vaults:3)
  13 vault sentinels
  12 spiny frogs
  2 swamp worm zombies (Swamp:4)
  5 komodo dragons
  5 rime drakes
  A komodo dragon (shapeshifter) (Elf:2)
  24 yaktaurs
  A hydra zombie (Swamp:4)
  7 ice devils (IceCv)
  A queen bee (Lair:5)
  3 freezing wraiths
  An anaconda simulacrum (IceCv)
  A polar bear (shapeshifter) (Vaults:2)
  A queen bee (shapeshifter) (Vaults:3)
  2 meliai (Lair:5)
  A tengu simulacrum (Vaults:1)
  5 hornets
  2 polar bears (Lair:4)
  6 trolls
  13 tyrant leeches
  41 saltlings (Desolation)
  8 bog bodies
  5 alligator zombies (Swamp:4)
  25 slime creatures
  A dream sheep (Lair:6)
  4 spectral swamp dragons (Swamp:4)
  17 blink frogs
  3 centaur simulacra
  5 shadows
  11 hippogriffs
  5 air elementals
  2 ettin skeletons
  4 spriggans
  3 dire elephant simulacra (IceCv)
  2 wraiths
  Sigmund (D:6)
  2 wyverns
  49 yaks
  A spriggan (shapeshifter) (Elf:1)
  A yak (shapeshifter) (D:13)
  A tarantella (shapeshifter) (D:15)
  A fire elemental (Elf:2)
  4 fire bats (Volcano)
  16 humans (D:13)
  A water elemental (Elf:1)
  Eustachio (D:5)
  4 basilisks
  A yaktaur simulacrum (Vaults:1)
  A death yak simulacrum (IceCv)
  10 vampire mosquitoes
  Grum (D:8)
  3 harpy simulacra (IceCv)
  Menkaure (D:7)
  12 swamp worms
  10 wargs
  A human simulacrum (Vaults:3)
  19 soldier ants (Lair:6)
  50 nagas
  4 iron troll simulacra (IceCv)
  3 hydra simulacra (IceCv)
  23 insubstantial wisps
  An acid dragon (Vaults:2)
  9 water moccasins
  35 orc warriors
  10 porcupines
  4 swamp drakes
  10 ice beasts
  3 sky beasts
  2 hornet zombies
  2 ettin simulacra (IceCv)
  14 boggarts
  3 eyes of draining
  9 phantoms
  8 necrophages
  6 swamp dragon zombies (Swamp:4)
  25 wolves
  15 centaurs
  21 ogres
  3 big kobolds
  16 crocodiles
  13 bullfrogs
  2 earth elementals
  A human skeleton (Vaults:3)
  A wyvern zombie (D:12)
  2 wyvern skeletons
  3 scorpions
  37 killer bees
  8 wights
  4 electric eels
  2 howler monkeys
  5 crimson imps
  2 bullfrog zombies (D:12)
  4 lava snakes (Volcano)
  A quasit (D:11)
  2 draconian simulacra (IceCv)
  2 centaur skeletons
  3 jellies
  2 gnoll shamans (D:5)
  41 orc priests
  6 hounds
  6 iguanas
  2 spectral swamp drakes (Swamp:4)
  23 orc wizards
  26 worker ants
  A polar bear simulacrum (IceCv)
  2 spriggan simulacra (IceCv)
  2 troll simulacra (IceCv)
  A wolf simulacrum (IceCv)
  A killer bee zombie (D:10)
  2 hound zombies
  A mummy (D:8)
  41 gnolls
  A swamp drake zombie (Swamp:4)
  24 adders
  3 naga simulacra (IceCv)
  3 ogre simulacra
  4 shadow imps
  7 white imps
  9 ufetubi (IceCv)
  5 oozes
  2 adder skeletons
  4 worms
  5 dart slugs
  14 leopard geckos
  108 orcs
  17 giant cockroaches
  6 goblins
  3 hobgoblins
  22 jackals
  7 quokkas
  7 ball pythons
  10 bats
  14 frilled lizards
  12 kobolds
  A quokka skeleton (D:4)
  7 rats
  2 briar patches (Swamp:4)
  7 fungi
  A pillar of salt (Vaults:3)
  7 plants
1697 creatures vanquished.

Vanquished Creatures (collateral kills)
  A yaktaur (Vaults:2)
  A wraith (Vaults:2)
2 creatures vanquished.

Vanquished Creatures (others)
  Vashnia (Snake:2)
  A sphinx (Vaults:2)
  An imperial myrmidon (Desolation)
  An entropy weaver (Lair:6)
  A yaktaur captain (Vaults:3)
  2 naga warriors (Snake:1)
  3 alligators
  An anaconda (Snake:4)
  2 two-headed ogres (Vaults:1)
  A skeletal warrior (D:13)
  A glowing orange brain (Vaults:3)
  A naga ritualist (Snake:4)
  A wolf spider (Vaults:3)
  An orc knight (Vaults:1)
  An ugly thing (Vaults:2)
  A salamander (Snake:3)
  A cyclops (D:14)
  A guardian serpent (Snake:4)
  A naga mage (Snake:1)
  A centaur skeleton (D:11)
  An anaconda simulacrum (IceCv)
  A meliai (Lair:5)
  A saltling (Desolation)
  A tyrant leech (Swamp:3)
  A dire elephant simulacrum (IceCv)
  3 yaks
  An insubstantial wisp (Swamp:4)
  2 nagas (Snake:4)
  A swamp drake (Swamp:3)
  An ettin simulacrum (IceCv)
  2 ogres
  A centaur (D:14)
  A killer bee (Lair:5)
  2 wights (D:13)
  An orc priest (Orc:2)
  An iguana (Lair:2)
  An adder (D:11)
  5 orcs
  A briar patch (Swamp:4)
  25 fungi
  21 plants
98 creatures vanquished.

Grand Total: 1797 creatures vanquished

Notes
Turn   | Place    | Note
-------+----------+-------------------------------------------
     0 | D:1      | grindst0ne the Spriggan Assassin began the quest for the
                  | Orb.
     0 | D:1      | Reached XP level 1. HP: 10/10 MP: 2/2
    59 | D:1      | Reached skill level 6 in Stealth
   395 | D:1      | Reached XP level 2. HP: 14/14 MP: 3/3
   645 | D:2      | Reached skill level 7 in Stealth
   645 | D:2      | Reached XP level 3. HP: 18/18 MP: 4/4
   647 | D:2      | Found a sacrificial altar of Ru.
  1010 | D:2      | Reached skill level 8 in Stealth
  1546 | D:2      | Reached skill level 9 in Stealth
  1546 | D:2      | Reached XP level 4. HP: 22/22 MP: 5/5
  1661 | D:2      | Became a worshipper of Ru the Awakened
  2014 | D:2      | Reached XP level 5. HP: 16/25 MP: 6/6
  2262 | D:2      | Reached skill level 10 in Stealth
  2758 | D:4      | Found a staircase to the Ecumenical Temple.
  2787 | D:4      | Gained mutation: You are missing a hand. [Ru sacrifice]
  2787 | D:4      | Reached * piety under Ru
  2787 | D:4      | Reached ** piety under Ru
  2787 | D:4      | Reached *** piety under Ru
  2947 | D:4      | Found Naung's Magic Scroll Emporium.
  2951 | D:4      | Found Poferenu's Antique Weapon Emporium.
  2957 | D:4      | Reached skill level 11 in Stealth
  2957 | D:4      | Reached XP level 6. HP: 18/30 MP: 7/7
  2959 | D:4      | Found Cuffit's Distillery.
  3132 | D:4      | Found Voqijit's Assorted Antiques.
  3154 | D:4      | Bought a scorched glass ring for 110 gold pieces
  3155 | D:4      | Identified the cursed ring of Greed {MP+9 EV-3 Dex+3} (You
                  | bought it in a shop on level 4 of the Dungeon)
  3166 | D:4      | Bought a scroll of teleportation for 36 gold pieces
  3910 | D:5      | Entered Level 5 of the Dungeon
  4030 | D:5      | Noticed a sky beast
  4035 | D:5      | Killed a sky beast
  4035 | D:5      | Reached skill level 12 in Stealth
  4041 | D:5      | Noticed Eustachio
  4051 | D:5      | Reached XP level 7. HP: 33/33 MP: 8/8
  4062 | D:5      | Killed Eustachio
  4062 | D:5      | Reached skill level 13 in Stealth
  5287 | D:5      | Reached skill level 14 in Stealth
  5668 | D:5      | Identified the cursed +1 arbalest "Dutwostru" {speed, rF+
                  | Str+4 Int+4}
  5878 | D:5      | Reached XP level 8. HP: 37/37 MP: 9/9
  6350 | D:6      | Noticed a two-headed ogre
  6392 | D:6      | Found a radiant altar of Vehumet.
  6393 | D:6      | Found a hide-covered altar of Uskayaw.
  6399 | D:6      | Found a blossoming altar of Fedhas.
  6400 | D:6      | Found an ancient bone altar of Kikubaaqudgha.
  6400 | D:6      | Found an opulent altar of Gozag.
  6400 | D:6      | Found an ornate altar of the Wu Jian Council.
  6400 | D:6      | Found an iron altar of Okawaru.
  6402 | D:6      | Found a shimmering altar of Xom.
  6404 | D:6      | Found a shattered altar of Ashenzari.
  6405 | D:6      | Found a glowing silver altar of Zin.
  6406 | D:6      | Found a basalt altar of Yredelemnul.
  6413 | D:6      | Gained mutation: You are somewhat inexperienced. (-2 XL)
                  | [Ru sacrifice]
  6413 | D:6      | Reached XP level 7. HP: 33/33 MP: 8/8
  6413 | D:6      | Reached XP level 6. HP: 30/30 MP: 7/7
  6413 | D:6      | Reached **** piety under Ru
  6413 | D:6      | Reached ***** piety under Ru
  6436 | D:6      | Found a glowing drain.
  6446 | Sewer    | Entered a sewer
  6613 | Sewer    | Reached skill level 1 in Evocations
  6785 | Sewer    | Reached skill level 15 in Stealth
  7179 | Sewer    | Reached XP level 7. HP: 33/33 MP: 9/9
  7370 | D:6      | Reached skill level 5 in Dodging
  7402 | D:6      | Found Penivet's Gadget Boutique.
  7701 | D:6      | Noticed Sigmund
  7714 | D:6      | Killed Sigmund
  7942 | D:7      | Found a bloodstained altar of Trog.
  7956 | D:7      | Noticed a two-headed ogre
  7988 | D:7      | Noticed Peppero's ghost (novice MiFi)
  7992 | D:7      | Noticed a moth of wrath
  8082 | D:7      | Reached XP level 8. HP: 38/38 MP: 11/11
  8121 | D:7      | Noticed Menkaure
  8133 | D:7      | Killed Menkaure
  8508 | D:7      | Noticed an orc sorcerer
  8533 | D:7      | Noticed Harold
  8535 | D:7      | Killed Harold
  8535 | D:7      | Reached skill level 5 in Evocations
  8535 | D:7      | Reached XP level 9. HP: 6/43 MP: 12/14
  8552 | D:7      | Killed an orc sorcerer
  8552 | D:7      | Reached skill level 16 in Stealth
  8564 | D:7      | Gained mutation: You are frail. (-10% HP) [Ru sacrifice]
  8564 | D:7      | Reached ****** piety under Ru
  8815 | D:7      | Got a faintly humming robe
  8826 | D:7      | Identified the +2 robe of the Disturbing People {rElec rC++
                  | MR- Dex+3} (You found it on level 7 of the Dungeon)
  8865 | D:7      | Found a transporter.
  8994 | D:7      | Found a transporter.
  9282 | D:8      | Reached skill level 10 in Dodging
  9291 | D:8      | Found a snail-covered altar of Cheibriados.
  9717 | D:8      | Noticed Erica
  9720 | D:8      | Killed Erica
 10006 | D:8      | Noticed Grum
 10091 | D:8      | Reached XP level 10. HP: 44/44 MP: 16/16
 10333 | D:8      | Noticed Pikel
 10336 | D:8      | Killed Pikel
 10462 | D:8      | Killed Grum
 11163 | D:10     | Entered Level 10 of the Dungeon
 11203 | D:10     | Noticed Sonja
 11248 | D:10     | Noticed a two-headed ogre
 11668 | D:11     | Reached skill level 17 in Stealth
 11687 | D:11     | Found a runed translucent gate.
 11688 | D:11     | Found a runed translucent gate.
 11710 | D:11     | Found Unamoeg's Jewellery Shop.
 11723 | D:11     | Found Sais's Armour Boutique.
 11759 | D:11     | Found a runed translucent gate.
 12078 | D:11     | Found a blossoming altar of Fedhas.
 12100 | D:11     | Noticed an oklob plant
 12464 | D:11     | Noticed coffeespoons's ghost (journeyman DDFi)
 12480 | D:11     | Found Vixky's Jewellery Shoppe.
 12658 | D:11     | Found Utecziof's Antique Weapon Shop.
 12721 | D:11     | Reached skill level 5 in Fighting
 12749 | D:11     | Reached XP level 11. HP: 24/49 MP: 18/18
 13039 | D:11     | Noticed a white ugly thing
 13050 | D:11     | Killed a white ugly thing
 13185 | D:11     | Found Poaqair's Antique Weapon Boutique.
 13499 | D:11     | Killed coffeespoons's ghost
 13683 | D:12     | Learned a level 1 spell: Confusing Touch
 14420 | D:12     | Noticed a centaur warrior
 14422 | D:12     | Killed a centaur warrior
 14440 | D:12     | Noticed an unseen horror
 14442 | D:12     | Noticed a skeletal warrior
 14442 | D:12     | Noticed a skeletal warrior
 14444 | D:12     | Noticed a skeletal warrior
 14444 | D:12     | Noticed a skeletal warrior
 14445 | D:12     | Noticed a skeletal warrior
 14448 | D:12     | Killed an unseen horror
 14448 | D:12     | Reached skill level 18 in Stealth
 14448 | D:12     | Reached skill level 10 in Evocations
 14449 | D:12     | Killed a skeletal warrior
 14449 | D:12     | Reached skill level 15 in Dodging
 14449 | D:12     | Killed a skeletal warrior
 14449 | D:12     | Killed a skeletal warrior
 14449 | D:12     | Killed a skeletal warrior
 14449 | D:12     | Reached XP level 12. HP: 54/54 MP: 20/20
 14552 | D:12     | Found a shimmering altar of Xom.
 14553 | D:12     | Found a shimmering altar of Xom.
 14554 | D:12     | Found a shimmering altar of Xom.
 14556 | D:12     | Found a shimmering altar of Xom.
 15557 | D:13     | Noticed a two-headed ogre
 15565 | D:13     | Killed a two-headed ogre
 15677 | D:13     | Noticed a two-headed ogre
 15738 | D:13     | Killed a two-headed ogre
 15842 | D:13     | Noticed a four-headed hydra
 15844 | D:13     | Killed a four-headed hydra
 15848 | D:13     | Noticed a two-headed ogre
 15896 | D:13     | Killed a two-headed ogre
 16268 | D:13     | Found a gate to the Vaults.
 16269 | D:13     | Noticed a vault guard
 16269 | D:13     | Noticed a vault guard
 16269 | D:13     | Noticed a vault guard
 16269 | D:13     | Noticed a vault guard
 16380 | D:13     | Killed a vault guard
 16380 | D:13     | Reached skill level 19 in Stealth
 16707 | D:10     | Identified the +9 rapier "Mol Viurru" {venom, rN+ Str+2
                  | Int+3}
 16881 | D:10     | Reached XP level 13. HP: 44/60 MP: 22/22
 16969 | D:10     | Found a staircase to the Orcish Mines.
 17705 | D:10     | Killed Sonja
 17953 | D:10     | Found a staircase to the Lair.
 18328 | Lair:1   | Entered Level 1 of the Lair of Beasts
 19000 | Lair:2   | Reached skill level 5 in Short Blades
 19149 | Lair:2   | Noticed Fannar
 19164 | Lair:2   | Killed Fannar
 19846 | Lair:2   | Found a staircase to the Swamp.
 21268 | Lair:3   | Found a staircase to the Snake Pit.
 21895 | Lair:4   | Found a dark tunnel.
 21907 | Volcano  | Entered a volcano
 22227 | Volcano  | Found a bloodstained altar of Trog.
 22447 | Lair:4   | Reached XP level 14. HP: 41/66 MP: 24/24
 22447 | Lair:4   | Reached skill level 20 in Stealth
 24994 | Lair:5   | Found a runed translucent door.
 24994 | Lair:5   | Found a viscous altar of Jiyva.
 24994 | Lair:5   | Noticed an azure jelly
 25055 | Lair:5   | Found a staircase to the Slime Pits.
 25901 | Lair:6   | Entered Level 6 of the Lair of Beasts
 28171 | Lair:6   | Reached XP level 15. HP: 56/71 MP: 26/26
 29248 | Lair:6   | Reached skill level 21 in Stealth
 32295 | D:15     | Entered Level 15 of the Dungeon
 32449 | D:15     | Learned a level 4 spell: Summon Lightning Spire
 32864 | D:15     | Found a staircase to the Depths.
 33184 | Orc:1    | Entered Level 1 of the Orcish Mines
 33184 | Orc:1    | Noticed an orc warlord
 33185 | Orc:1    | Reached skill level 10 in Fighting
 33185 | Orc:1    | Reached skill level 1 in Summonings
 33185 | Orc:1    | Reached skill level 1 in Air Magic
 33187 | Orc:1    | Killed an orc warlord
 33642 | Orc:2    | Entered Level 2 of the Orcish Mines
 33817 | Orc:2    | Noticed Snorg
 33833 | Orc:2    | Killed Snorg
 34884 | Orc:2    | Found a roughly hewn altar of Beogh.
 35798 | Orc:2    | Found a roughly hewn altar of Beogh.
 35816 | Orc:2    | Reached XP level 16. HP: 71/76 MP: 27/27
 35865 | Orc:2    | Found Athrisosk's Gadget Boutique.
 35865 | Orc:2    | Found Eluhikk's Armour Shoppe.
 35971 | Orc:2    | Found a staircase to the Elven Halls.
 36122 | Orc:2    | Found Fiuruz's General Store.
 36122 | Orc:2    | Found Yxeophaosagh's Distillery.
 36127 | Orc:2    | Bought a scroll of identify for 24 gold pieces
 36127 | Orc:2    | Bought a scroll of identify for 24 gold pieces
 36377 | D:4      | Bought a scroll of blinking for 90 gold pieces
 36377 | D:4      | Bought a scroll of identify for 24 gold pieces
 36377 | D:4      | Bought a scroll of enchant weapon for 90 gold pieces
 36377 | D:4      | Bought a scroll of teleportation for 36 gold pieces
 36377 | D:4      | Bought a scroll of enchant armour for 90 gold pieces
 36377 | D:4      | Bought a scroll of identify for 24 gold pieces
 36391 | D:4      | Bought a potion of heal wounds for 65 gold pieces
 36391 | D:4      | Bought a potion of might for 52 gold pieces
 36650 | Elf:1    | Entered Level 1 of the Elven Halls
 37041 | Elf:1    | Found a frozen archway.
 37057 | IceCv    | Entered an ice cave
 38154 | IceCv    | Noticed an Ice Fiend
 38159 | IceCv    | Killed an Ice Fiend
 38249 | IceCv    | Got a clouded turquoise ring
 38251 | IceCv    | Identified the ring of the Scavenger {rF+ rC- rN+ Str+3
                  | Int+2} (You found it in an ice cave)
 39094 | Elf:1    | Reached skill level 22 in Stealth
 39546 | Elf:1    | Identified Lofoih's Grimoire of Companions
 40559 | Elf:2    | Found a runed translucent gate.
 40559 | Elf:2    | Found a runed translucent gate.
 40559 | Elf:2    | Found a runed translucent gate.
 40958 | D:11     | Bought an uncursed ring of poison resistance for 260 gold
                  | pieces
 41106 | Swamp:1  | Entered Level 1 of the Swamp
 41362 | Swamp:1  | Noticed Louise
 41416 | Swamp:1  | Killed Louise
 43038 | Swamp:2  | Reached XP level 17. HP: 56/81 MP: 20/28
 43979 | Swamp:2  | Identified a scroll of acquirement
 43986 | Swamp:2  | Got a spiked hat
 43997 | Swamp:2  | Identified the +0 hat of Grot {+Blink Str-3 Int+3} (You
                  | acquired it on level 2 of the Swamp)
 44348 | Swamp:3  | Reached skill level 5 in Air Magic
 44587 | Swamp:3  | Noticed Donald
 44593 | Swamp:3  | Killed Donald
 44804 | Swamp:3  | Reached skill level 10 in Short Blades
 45189 | Swamp:3  | Reached skill level 5 in Summonings
 45329 | Swamp:4  | Entered Level 4 of the Swamp
 45623 | Swamp:4  | Noticed Mukku's ghost (adept SpFE)
 45628 | Swamp:4  | Found a runed translucent gate.
 45628 | Swamp:4  | Found a runed translucent gate.
 45628 | Swamp:4  | Found a runed translucent gate.
 46387 | Swamp:4  | Learned a level 7 spell: Malign Gateway
 46444 | Swamp:4  | Killed Mukku's ghost
 46444 | Swamp:4  | Reached skill level 1 in Translocations
 48414 | Swamp:4  | Noticed a bone dragon
 48467 | Swamp:4  | Killed a bone dragon
 48968 | Swamp:4  | Got a decaying rune of Zot
 49236 | Snake:1  | Entered Level 1 of the Snake Pit
 49540 | Snake:1  | Reached skill level 5 in Translocations
 50254 | Snake:1  | Reached skill level 23 in Stealth
 51128 | Snake:2  | Noticed Vashnia
 51854 | Snake:3  | Reached XP level 18. HP: 70/86 MP: 17/29
 53649 | Snake:4  | Entered Level 4 of the Snake Pit
 54357 | Snake:2  | Killed Vashnia
 54502 | Snake:2  | Found Ynallent's Book Boutique.
 54637 | Snake:2  | Bought a Necronomicon for 1545 gold pieces
 55408 | Snake:4  | Noticed Saint Roka
 55437 | Snake:4  | Killed Saint Roka
 56520 | Snake:4  | Reached skill level 10 in Translocations
 58316 | Snake:4  | Learned a level 8 spell: Necromutation
 61535 | Snake:4  | Learned a level 8 spell: Infestation
 61734 | Snake:4  | Got a serpentine rune of Zot
 62041 | Vaults:1 | Entered Level 1 of the Vaults
 62068 | Vaults:1 | Reached XP level 19. HP: 77/91 MP: 23/30
 62333 | D:11     | Bought a +5 amulet of reflection for 576 gold pieces
 62418 | Vaults:1 | Reached skill level 1 in Necromancy
 63926 | Vaults:1 | Found Vora's Assorted Antiques.
 64513 | Vaults:1 | Reached skill level 24 in Stealth
 65460 | Vaults:1 | Reached skill level 1 in Spellcasting
 68296 | Vaults:2 | Reached skill level 5 in Necromancy
 68519 | Vaults:2 | Found Efin's Assorted Antiques.
 69003 | Vaults:2 | Learned a level 1 spell: Summon Butterflies
 69008 | Vaults:2 | Learned a level 4 spell: Summon Lightning Spire
 69424 | Vaults:2 | Found a staircase to the Crypt.
 69492 | Vaults:2 | Got a translucent iron ring
 69493 | Vaults:2 | Identified the ring "Xiaqocsy" {*Contam rElec rN+ rCorr
                  | Str+3 SInv} (You found it on level 2 of the Vaults)
 69886 | Vaults:2 | Reached skill level 5 in Spellcasting
 69886 | Vaults:2 | Reached XP level 20. HP: 22/96 MP: 27/31
 70240 | Vaults:2 | Reached skill level 15 in Translocations
 70492 | Vaults:3 | Found a ruined gateway.
 70501 | Desolati | Entered the Desolation of Salt
 70815 | Desolati | Identified the Collected Works on the Mutagenic Oath
 70836 | Desolati | Got a pitted turquoise ring
 70837 | Desolati | Identified the Tome of Spatial Necromancy
 70840 | Desolati | Identified the ring "Plog" {rCorr Int+3 Dex+3} (You found
                  | it in the Desolation of Salt)
 71847 | Desolati | Identified the ring of Lugosh {rElec rC- rN+++ Int+2
                  | Stlth+} (You found it in the Desolation of Salt)
 72195 | Desolati | Found the +7 Kryia's mail coat {PotionHeal*2 rC+}
 72208 | Desolati | Identified the +0 long sword of the Genius {slice, rN++
                  | Dex-3}
 73471 | Desolati | Identified the +1 scale mail "Imos Aji" {Dex+2 Stlth+}
 73711 | Desolati | Identified Sif Muna's Catalogue of Creation and Shape
                  | Shifting
 77523 | Vaults:3 | Mangled by a vault warden

Levels and vault maps discovered:
D:1:      minmay_arrival_pointy, layout_loops_ring
D:2:      layout_basic, hangedman_ru_absence, first_ration, bh_walls_and_bars
D:3:      layout_rooms
D:4:      layout_rooms, minmay_temple_entry_water_ring, minmay_shop_grid_forest,
          supply_closet_lemuel, kennysheep_small_spiral
D:5:      lemuel_castle_with_subvaults [lemuel_castle_interior_carwin_3],
          layout_rooms, uniq_eustachio
D:6:      layout_loops_ring, minitemple, serial_shops, nicolae_shop_waterfront,
          cheibrodos_sewer_entry_drain, st_stairs_7, uniq_sigmund
D:7:      cheibrodos_wizards_tower, layout_basic,
          gammafunk_ghost_wrathful_warriors, uniq_harold, uniq_menkaure
D:8:      layout_gridville, slow_altar_1, uniq_erica, uniq_grum, uniq_pikel
D:9:      layout_basic
D:10:     layout_cave_pools, david_lair_generic, orc_0_dummy,
          blue_anna_alchemist [blue_anna_fruit_fields, blue_anna_fruit_fields],
          uniq_sonja
D:11:     layout_loops_cross, serial_shops, nicolae_shop_stone,
          kennysheep_mini_moat, kennysheep_mini, shop, nicolae_shop_statue_plus,
          gammafunk_ghost_icy, tgw_fedhas
D:12:     layout_basic, xom_shifter_show
D:13:     layout_basic, grunt_vaults_entry_tiered
D:14:     minmay_opposing_rooms, layout_basic, chequers_hall_statues_corner_a
D:15:     grunt_enter_depths_snipers, layout_loops_ring,
          chequers_serial_rivers_micro_b
Lair:1:   layout_regular_city, infiniplex_staircase_pool_2, grunt_megastairs_5
Lair:2:   minmay_lair_oklob_tunnel, layout_gridlike, palyth_hydra_swamp_entry,
          serial_bayou_pond_d, uniq_fannar
Lair:3:   layout_long_grid, dummy_snake_entry, st_stairs_10, grunt_megastairs_3
Lair:4:   layout_gridlike, nicolae_volcano_entry_lava_flow, grunt_megastairs_1,
          serial_bayou_shore_a
Lair:5:   regret_index_tunnel_blossom, layout_cave_pods, slime_altar_2,
          minivault_19
Lair:6:   due_jungle_book, layout_regular_city, st_stairs_8, zaba_antful_of_joy,
          lemuel_fruit_tree
Swamp:1:  layout_falls_marsh, evilmike_swamp_ruin_house_4, uniq_louise
Swamp:2:  layout_basic_swamp, evilmike_swamp_ruin_rubble_2, swamp_pool2,
          roderic_carrion_pond
Swamp:3:  layout_basic_swamp, evilmike_swamp_ruin_house_3, swamp_pool1,
          uniq_donald
Swamp:4:  swamp_pestilence, layout_basic_swamp, gammafunk_ghost_split
Snake:1:  layout_onion
Snake:2:  layout_misc_corridors, serial_shops, nicolae_shop_window_shopping,
          uniq_vashnia
Snake:3:  layout_grid_shapes, grunt_ministairs_5, serial_bayou_pond_e
Snake:4:  grunt_snake_rune_serpentine_throne, layout_gridlike, uniq_aizul,
          uniq_saint_roka
Orc:1:    layout_caves, mines_bat_river
Orc:2:    st_orc_town, layout_caves, basic_altar, uniq_snorg
Elf:1:    eino_elf_arrival_the_gate, layout_loops_corners,
          portal_ice_cave_entry_pillars_four, minmay_elf_demonology,
          lemuel_flamethrower_3
Elf:2:    layout_geoelf_diagonals, grunt_megastairs_2, lemuel_elevator
Vaults:1: ontoclasm_vaults_hangar, v_pattern_5, grunt_vaults_diagonal,
          v_misc_33, nicolae_vaults_little_squares_3,
          nicolae_vaults_little_squares_4, v_alt_pattern_1,
          nicolae_vaults_network_quinsquares
          [nicolae_vaults_network_quincunx_subvault,
          nicolae_vaults_network_quincunx_subvault,
          nicolae_vaults_network_quincunx_subvault,
          nicolae_vaults_network_quincunx_subvault], hangedman_vaults_snaps,
          st_lines, v_rooms_2, nicolae_vaults_rhombus_7, vaults_mumra_hexcomb,
          v_misc_8, serial_ice_m, nicolae_vaults_rhombus_5,
          layout_vaults_omnibox, serial_shops, shop
Vaults:2: vaults_room_pool, v_alt_pattern_1, minmay_crypt_entry_simple_box,
          v_misc_17, vaults_standard_mumra_lines, v_misc_17,
          ontoclasm_vaults_ligature, hangedman_vaults_stitches,
          vaults_room_mumra_shop_pool, hangedman_vaults_stagger,
          vaults_room_large_hall, st_quartered_hall, v_misc_14, v_misc_13,
          ontoclasm_vaults_twist, hangedman_vaults_nails,
          ontoclasm_vaults_gateway, layout_vaults_maze_snakey
Vaults:3: v_alt_pattern_6, st_squares, v_misc_28, v_alt_pattern_5, v_misc_17,
          nicolae_vaults_network_barrier, nicolae_vaults_triangles, v_rooms_1,
          grunt_vaults_focal, nicolae_vaults_little_squares_6,
          vaults_room_large_hall, layout_vaults_ring,
          portal_desolation_entry_garden

Skill      XL: |  1  2  3  4  5  6  7  8  9 10 11 12 13 14 15 16 17 18 19 20 |
---------------+-------------------------------------------------------------+-----
Stealth        | 6 7 9 11 15 14 16 17 18 19 20 21 22 23 24 | 24.0
Dodging        | 4 7 9 11 13 15 17 19 20 22 23 | 23.2
Evocations     | 2 3 5 6 8 10 11 12 14 | 14.4
Fighting       | 2 3 5 6 7 8 9 10 11 12 | 12.4
Short Blades   | 4 5 6 8 9 10 12 | 12.5
Summonings     | 2 4 6 7 8 |  8.0
Air Magic      | 2 4 6 7 8 |  8.0
Translocations | 6 11 14 18 | 18.4
Necromancy     | 5 |  5.1
Spellcasting   | 5 9 |  9.1
Throwing       | |  2.0

Action                   |  1- 3 |  4- 6 |  7- 9 | 10-12 | 13-15 | 16-18 | 19-21 || total
-------------------------+-------+-------+-------+-------+-------+-------+-------++-------
Melee: Dagger            |    87 |   228 |   375 |   698 |       |       |       ||  1388
       Unarmed           |       |       |       |     4 |       |       |       ||     4
       Rapier            |       |       |       |     6 |  1511 |  2743 |  1931 ||  6191
Throw: Dart              |     1 |    22 |    62 |    19 |   261 |    10 |     2 ||   377
       Throwing net      |       |     2 |     5 |    15 |     4 |       |       ||    26
 Cast: Summon Lightning  |       |       |       |       |       |       |     6 ||     6
Invok: Sacrifice a Hand  |       |     1 |       |       |       |       |       ||     1
       Sacrifice Experie |       |     1 |       |       |       |       |       ||     1
       Sacrifice Health  |       |       |     1 |       |       |       |       ||     1
       Apocalypse        |       |       |       |     3 |     8 |    12 |    10 ||    33
       Draw Out Power    |       |       |       |       |     2 |     1 |     3 ||     6
       Power Leap        |       |       |       |       |     1 |     1 |       ||     2
Evoke: Wand              |       |     4 |     7 |     3 |    89 |    62 |     6 ||   171
       Lamp of fire      |       |       |       |       |       |     4 |     5 ||     9
  Use: Scroll            |       |     9 |     2 |     7 |     6 |    21 |     6 ||    51
       Potion            |       |       |       |     1 |     4 |    13 |     7 ||    25
 Stab: Sleeping          |     7 |    26 |    15 |    49 |    48 |    81 |    46 ||   272
       Distracted        |       |     3 |     5 |    10 |    28 |    54 |    25 ||   125
       Paralysed         |       |     2 |     1 |     4 |    19 |     9 |    18 ||    53
       Held in net/web   |       |       |     2 |     5 |     1 |       |       ||     8
       Invisible         |       |       |     1 |     7 |     6 |    30 |    13 ||    57
       Confused          |       |       |       |     6 |       |       |       ||     6
  Eat: Ration            |       |     1 |     2 |     4 |    10 |    16 |    10 ||    43
Armor: Robe              |    17 |    16 |    20 |    27 |    41 |    57 |    35 ||   213
Dodge: Dodged            |    81 |   154 |   241 |   539 |  1375 |  2383 |  1035 ||  5808
Block: Other             |       |       |       |       |       |       |   186 ||   186
       Reflection        |       |       |       |       |       |       |     7 ||     7
